 Dungeon Crawl Stone Soup version 0.16.1-28-gcc2312f (webtiles) character file.

18 FlaggTheMystic the Skirmisher (level 2, -2/25 HPs)
             Began as a Formicid Abyssal Knight on June 5, 2015.
             Was a Follower of Lugonu.
             Slain by a scorpion (9 damage)
             ... on level 7 of the Dungeon.
             The game lasted 00:04:58 (919 turns).

FlaggTheMystic the Skirmisher (FoAK)                 Turns: 919, Time: 00:04:58

Health: -2/25      AC:  3    Str: 16    XL:     2   Next: 90%
Magic:  3/3        EV: 11    Int: 11    God:    Lugonu [*.....]
Gold:   38         SH:  0    Dex: 10    Spells: 0 memorised, 1 level left

rFire  . . .     SeeInvis +     a - +1 hand axe
rCold  . . .     Clarity  .     b - +0 leather armour
rNeg   . . .     SustAb   .     (no shield)
rPois  .         Gourm    .     (helmet unavailable)
rElec  .         Spirit   .     (no cloak)
rCorr  .         Warding  .     (no gloves)
rMut   .         Stasis   +     (no boots)
MR     .....                    (no amulet)
Stlth  +.........               (no ring)
                                (no ring)

@: not resistant to hostile enchantments, very unstealthy
A: permanent stasis, dig shafts and tunnels, four strong arms, antennae 3
a: Dig, Shaft Self, Depart the Abyss, Renounce Religion


You were on level 7 of the Dungeon.
You worshipped Lugonu.
Lugonu was aware of your devotion.
You were near starving.

You visited 1 branch of the dungeon, and saw 5 of its levels.
You visited the Abyss 1 time.

You collected 38 gold pieces.

Inventory:

Hand weapons
 a - a +1 hand axe (weapon)
Armour
 b - a +0 leather armour (worn)
Scrolls
 d - 3 scrolls of identify {unknown}
Potions
 e - a potion of mutation {unknown}
Comestibles
 c - a bread ration
 f - a meat ration


   Skills:
 + Level 3.7 Fighting
 + Level 2.1 Axes
 + Level 2.4 Armour
 + Level 1.1 Dodging
 + Level 0.3 Stealth
 + Level 2.3 Invocations


You had one spell level left.
You didn't know any spells.

Dungeon Overview and Level Annotations

Branches:
Dungeon (7/15)
 Temple: D:4-7

Altars:
Nemelex Xobeh


Innate Abilities, Weirdness & Mutations

You are under a permanent stasis effect.
You can dig through walls and to a lower floor.
Your four strong arms can wield two-handed weapons with a shield.
You have a pair of large antennae on your head (SInv).


Message History

Use which ability? (? or * to list) Are you sure you want to shaft yourself?
You are near starving!
You begin to dig a shaft.
You continue digging a shaft.
A shaft appears beneath you!
You fall through a shaft for 2 floors!
The shaft crumbles and collapses.
A giant cockroach and a scorpion come into view.
Found a slice of pizza.
You completely miss the scorpion. The scorpion barely misses you.
The scorpion stings you but does no damage.
You closely miss the scorpion. The scorpion barely misses you.
You hit the scorpion but do no damage. The scorpion stings you!
* * * LOW HITPOINT WARNING * * *
You hit the scorpion but do no damage. The scorpion barely misses you.
You hit the scorpion.
The scorpion is lightly wounded.
You barely miss the giant cockroach. The giant cockroach closely misses you.
The scorpion stings you!
You die...

#######
#s.####.s@s.#
#...........+
#.#####.....#
#.....#
#...%.#
#######


You could see a scorpion and a giant cockroach.

Vanquished Creatures
  An adder (D:2)
  A giant gecko (D:2)
  A bat (D:2)
  A goblin (D:3)
  2 kobolds (D:2)
  3 rats (D:1)
9 creatures vanquished.

Notes
Turn   | Place    | Note
--------------------------------------------------------------
     0 | Abyss:1  | FlaggTheMystic, the Formicid Abyssal Knight, began the quest for the Orb.
     0 | Abyss:1  | Reached XP level 1. HP: 18/18 MP: 1/1
    15 | Abyss:1  | Found a corrupted altar of Lugonu.
    40 | D:1      | Escaped the Abyss
   112 | D:1      | Acquired Lugonu's first power
   265 | D:1      | You fall through a shaft!
   537 | D:2      | Reached skill level 1 in Dodging
   537 | D:2      | Reached XP level 2. HP: 13/24 MP: 3/3
   893 | D:2      | You fall through a shaft!
   893 | D:3      | Found a sparkling altar of Nemelex Xobeh.
   904 | D:3      | You fall through a shaft for 2 floors!
   904 | D:5      | Entered Level 5 of the Dungeon
   912 | D:5      | You fall through a shaft for 2 floors!
   912 | D:7      | Noticed a scorpion
   919 | D:7      | Slain by a scorpion

Action                   || total
-------------------------++-------
Melee: Hand axe          ||    45
Invok: Depart the Abyss  ||     1
 Abil: Dig               ||    11
       Shaft Self        ||     4
  Eat: Bread ration      ||     1
